Map: [ESL] Stargazers

Players

piglet - Winner!

  • Race: Terran Terran
  • Spawn Location: 11:00

PattyMac

  • Race: Protoss Protoss
  • Spawn Location: 1:00

Event: DreamHack SC2 Masters 2022 Valencia

VOD

Have the link to the VOD?

Description

Time

  • Played on: July 1, 2022, 2:48 p.m.
  • Length: 5:16

All games in this series

Show
View Real Time Build Order
Export as new Build Order

piglet Terran - Winner!

Build Orders:  

Get SALT Encoding   

  12  0:00  SCV  
  13  0:12  SCV  
  14  0:19  Supply Depot  
  14  0:24  SCV  
  15  0:41  Barracks  
  15  0:44  Refinery  
  15  0:47  SCV  
  16  0:54  Refinery  
  16  1:00  SCV  
  17  1:12  SCV  
  18  1:29  Orbital Command, Barracks Tech Lab  
  18  1:41  Factory  
  18  1:48  Marauder  
  18  1:52  Supply Depot  
  20  1:56  SCV  
  20  2:00  Concussive Shells  
  21  2:09  Marauder  
  21  2:14  SCV  
  24  2:26  SCV  
  24  2:27  Hellion  
  27  2:30  Marauder  
  27  2:33  Supply Depot  
  29  2:42  Starport  
  29  2:45  SCV  
  30  2:55  Marauder  
  32  3:01  SCV  
  33  3:06  Hellion  
  35  3:14  SCV  
  35  3:18  Marauder  
  35  3:35  Hellion, Medivac  
  34  3:47  Command Center  
  32  3:57  SCV  
  32  4:01  Factory Tech Lab, Marauder  
  35  4:03  Supply Depot  
  35  4:20  SCV  
  35  4:22  Cyclone  
  35  4:23  Starport Tech Lab  
  39  4:25  Supply Depot  
  39  4:28  Marine  
  40  4:32  SCV  
  40  4:33  Barracks  
  41  4:46  Marine  
  41  4:49  SCV  
  45  5:01  SCV  
Show
View Real Time Build Order
Export as new Build Order

PattyMac Protoss 

Build Orders: 1 Gate Expand 

Get SALT Encoding   

  12  0:00  Probe  
  13  0:12  Probe  
  14  0:17  Pylon  
  14  0:24  Probe (Chrono Boost)  
  16  0:36  Gateway  
  16  0:37  Probe (Chrono Boost)  
  16  0:42  Probe (Chrono Boost)  
  16  0:45  Assimilator  
  17  0:53  Probe  
  18  1:05  Probe  
  19  1:17  Probe  
  20  1:23  Cybernetics Core  
  20  1:32  Nexus  
  20  1:38  Pylon  
  20  1:42  Probe  
  20  1:46  Assimilator  
  21  1:54  Probe  
  21  1:57  Adept (Chrono Boost)  
  24  2:04  Warp Gate  
  24  2:06  Probe  
  25  2:18  Probe, Adept (Chrono Boost)  
  28  2:28  Twilight Council  
  28  2:30  Probe  
  28  2:32  Pylon  
  29  2:40  Adept (Chrono Boost)  
  33  2:54  Shield Battery  
  29  3:01  Stalker (Chrono Boost)  
  29  3:05  Shield Battery  
  23  3:28  Stalker (Chrono Boost)  
  21  3:34  Probe  
  20  3:50  Stalker (Chrono Boost)  
  20  3:53  Probe  
  21  4:04  Probe  
  21  4:05  Probe  
  23  4:14  Stalker (Chrono Boost)  
  25  4:17  Probe  
  25  4:23  Probe  
  27  4:29  Probe  
  29  4:39  Probe (Chrono Boost)  
  29  4:43  Probe (Chrono Boost)  
  30  4:50  Pylon  
  29  4:59  Stalker  

Tags
 
Add a new tag
Caveats
  • Supply blocks, unpowered buildings, or Contaminate may cause inaccurate times.
  • Supply counts are checked every 10 seconds.